 Dungeon Crawl Stone Soup version 0.31.0-11-ge490571c62 (webtiles) character file.

Game seed: 10544895405659856820

48 qw the Shooter (level 3, -1/18 HPs)
             Began as a Spriggan Hunter on Feb 4, 2024.
             Succumbed to an adder's poison
             ... on level 2 of the Dungeon.
             The game lasted 00:00:03 (869 turns).

qw the Shooter (Spriggan Hunter)                     Turns: 869, Time: 00:00:04

Health: -1/18      AC:  2    Str:  7    XL:     3   Next: 50%
Magic:  4/4        EV: 19    Int: 10    God:
Gold:   7          SH:  0    Dex: 20    Spells: 2/2 levels left

rFire   . . .        a - +1 shortbow
rCold   . . .        (shield currently unavailable)
rNeg    . . .        c - +0 robe
rPois   .            (helmet restricted)
rElec   .            (no cloak)
rCorr   .            (gloves unavailable)
SInv    +            (boots unavailable)
Will    .....        (no amulet)
Stlth   ++           (no ring)
HPRegen 0.23/turn    (no ring)
MPRegen 0.09/turn

%: no passive effects
@: lethally poisoned (-1 -> -8), very quick
A: very small, no large weapons, unfitting armour, see invisible, speed 3
a: no special abilities


You were on level 2 of the Dungeon.
You visited 1 branch of the dungeon, and saw 2 of its levels.

You collected 7 gold pieces.


Innate Abilities, Weirdness & Mutations

You are very small and have problems with some larger weapons.
You are too small for most types of armour.
You have supernaturally acute eyesight. (SInv)
You cover ground extremely quickly. (Speed+++)


   Skills:
 - Level 1.5 Fighting
 + Level 4.8 Ranged Weapons
 - Level 4.0 Dodging
 - Level 1.5 Stealth


You had 2 spell levels left.
You didn't know any spells.
Your spell library was empty.

Inventory:

Hand Weapons
 a - a +1 shortbow (weapon)
Armour
 c - a +0 robe (worn)
Potions
 b - a potion of mutation {unknown}

Dungeon Overview and Level Annotations

Branches:
Dungeon (2/15)

Altars:


Message History

You shoot an arrow. The arrow hits the bat.
The bat is heavily wounded.
You shoot an arrow. The arrow hits the bat.
You kill the bat!
You shoot an arrow. The arrow hits the ball python!
You kill the ball python!
An adder comes into view.
You shoot an arrow.
The arrow hits the adder but does no damage.
You shoot an arrow. The arrow hits the adder.
The adder is heavily wounded.
You shoot an arrow. The arrow misses the adder.
You shoot an arrow. The arrow barely misses the adder.
The adder barely misses you.
You shoot an arrow. The arrow hits the adder.
The adder is heavily wounded.
The adder bites you.
You shoot an arrow. The arrow completely misses the adder.
The adder bites you. The adder closely misses you.
You shoot an arrow. The arrow barely misses the adder.
The adder bites you. x2
You shoot an arrow. The arrow closely misses the adder.
The adder bites you.
You shoot an arrow. The arrow hits the adder.
The adder is severely wounded.
The adder closely misses you. The adder bites you.
You are poisoned.
The adder poisons you!
You shoot an arrow. The arrow barely misses the adder.
You feel sick. The adder bites you.
You shoot an arrow. The arrow closely misses the adder.
You feel sick. The adder misses you. The adder completely misses you.
You shoot an arrow. The arrow closely misses the adder.
You feel sick. The adder completely misses you.
You shoot an arrow. The arrow barely misses the adder.
You feel sick. The adder bites you.
You are more poisoned.
The adder poisons you!
You shoot an arrow. The arrow misses the adder.
You die...

#.#
#...#.####
#.# #..%#.#
#.# #...#.#
#.# #...#.#
#.# #...#.#
#######'###
#...#.#
#.........#
#...#.#
#.........#
#...#.#
#....@...[#
#...#.#
#....S....#
#####.#
#.$..........
#..........##
#...........#
#%......#...#
####..##.##.#
#..# 7. .#


You could see an adder.

Vanquished Creatures
  5 endoplasms (D:1)
  2 giant cockroaches
  4 goblins
  6 hobgoblins (D:1)
  3 quokkas
  7 ball pythons
  6 bats
  4 frilled lizards
  3 kobolds
  3 rats
43 creatures vanquished.

Notes
Turn   | Place    | Note
-------+----------+-------------------------------------------
     0 | D:1      | qw the Spriggan Hunter began the quest for the Orb.
     0 | D:1      | Reached XP level 1. HP: 10/10 MP: 2/2
     0 | D:1      | 0 ||| qw: Version: 0.3-a-160-g6735b56
     0 | D:1      | 0 ||| qw: Game counter: 5334
     0 | D:1      | 0 ||| qw: Melee chars always use a shield: true
     0 | D:1      | 0 ||| qw: God list: Okawaru
     0 | D:1      | 0 ||| qw: Allow faded altars: false
     0 | D:1      | 0 ||| qw: Do Orc after clearing Dungeon:15 true
     0 | D:1      | 0 ||| qw: Do second Lair branch before Depths: true
     0 | D:1      | 0 ||| qw: Lair rune preference: random
     0 | D:1      | 0 ||| qw: Goals: Normal
     0 | D:1      | 0 ||| PLANNING D:1-11
    79 | D:1      | Reached skill level 3 in Dodging
   195 | D:1      | Reached XP level 2. HP: 14/14 MP: 3/3
   429 | D:1      | Reached XP level 3. HP: 18/18 MP: 4/4
   575 | D:1      | 575 ||| READING scroll labelled BOGUCR UKHLE.
   576 | D:1      | 576 ||| READING scroll labelled NOUTIM SEIGID.
   576 | D:1      | 576 ||| ENCHANTING +0 shortbow.
   577 | D:1      | 577 ||| READING scroll labelled MIWAUPN JUZOWK.
   580 | D:1      | 580 ||| DROPPING scroll of butterflies.
   689 | D:2      | Found a faded altar of an unknown god.
   868 | D:2      | HP: 3/18 [poisoned by an adder]
   868 | D:2      | HP: 1/18 [adder (2)]
   869 | D:2      | Succumbed to an adder's poison

Levels and vault maps discovered:
D:1:      eino_arrival_tree_alley, layout_basic
D:2:      layout_basic, basic_ecumenical_altar, serial_bayou_lagoon_a,
          grunt_decor_one_mirror

Skill      XL: |  1  2 |
---------------+-------+-----
Dodging        | 3 4 |  4.0
Fighting       | |  1.5
Ranged Weapons | |  4.8
Stealth        | |  1.5

Action                     || total
---------------------------++-------
   Fire: Shortbow          ||   108
    Use: Scroll            ||     3
 Armour: Robe              ||     9
  Dodge: Dodged            ||    15

Table legend:
 A = Non-vault XP
 B = Vault XP
 C = Vault XP percentage of total XP
 D = Non-vault monster count
 E = Vault monster count
 F = Vault count percentage of total count
                 A         B        C        D         E       F
            +---------+---------+-------+---------+---------+-------
      Total |      69 |       0 |   0.0 |      43 |       0 |   0.0
            +---------+---------+-------+---------+---------+-------
        D:1 |      46 |       0 |   0.0 |      28 |       0 |   0.0
        D:2 |      23 |       0 |   0.0 |      15 |       0 |   0.0
            +---------+---------+-------+---------+---------+-------
